 Dungeon Crawl Stone Soup version 0.25-a0-290-g4a1327ee3a (webtiles) character file.

Game seed: 965734651895780570, levelgen mode: deterministic

189 floatRand the Skirmisher (level 5, 0/55 HPs)
             Began as an Ogre Skald on Dec 14, 2019.
             Slain by a rat (2 damage)
             ... in a sewer.
             The game lasted 00:05:26 (3501 turns).

floatRand the Skirmisher (Ogre Skald)               Turns: 3501, Time: 00:05:26

Health: 0/55       AC:  4    Str: 15    XL:     5   Next: 68%
Magic:  9/9        EV: 10    Int: 14    God:
Gold:   57         SH:  0    Dex:  9    Spells: 3/9 levels left

rFire    . . .     SeeInvis .   m - +1 whip (vamp)
rCold    . . .     Gourm    .   (no shield)
rNeg     . . .     Faith    .   b - +0 robe
rPois    .         Spirit   .   l - +1 hat
rElec    .         Reflect  .   h - scarf {repulsion}
rCorr    .         Harm     .   (gloves unavailable)
MR       .....                  (boots unavailable)
Stlth    +.........             (no amulet)
HPRegen  0.18/turn              c - ring of flight
MPRegen  0.11/turn              p - ring of wizardry

@: repel missiles
A: large, unfitting armour, tough skin 1
a: Evoke Flight


You were in a sewer.
You were not hungry.

You visited 1 branch of the dungeon, and saw 3 of its levels.
You also visited: Sewer.

You collected 57 gold pieces.

Inventory:

Hand Weapons
 a - a +0 mace
 m - a +1 vampiric whip (weapon)
Missiles
 j - 2 silver boomerangs (quivered)
 q - 3 javelins
Armour
 b - a +0 robe (worn)
 e - a +0 hat
 h - a scarf of repulsion (worn)
 l - a +1 hat (worn)
Jewellery
 c - a ring of flight (left hand)
 p - a ring of wizardry (right hand)
Scrolls
 f - a scroll of magic mapping {unknown}
 g - 2 scrolls of identify {unknown}
 i - a scroll of remove curse {unknown}
 k - a scroll of teleportation {unknown}
 o - a scroll of enchant weapon {unknown}
Potions
 n - a potion of ambrosia {unknown}
Comestibles
 d - 5 rations
 r - a chunk of flesh


   Skills:
 + Level 4.3 Fighting
 + Level 2.9 Maces & Flails
 + Level 3.1 Dodging
 - Level 2.7 Spellcasting
 + Level 3.6 Charms


You had 3 spell levels left.
You knew the following spells:

 Your Spells              Type           Power        Failure   Level  Hunger
a - Infusion              Chrm           ##..         1%          1    #......
b - Regeneration          Chrm/Necr      #.........   13%         3    ###....
c - Song of Slaying       Chrm           ##......     3%          2    ###....

Your spell library contained the following spells:

 Spells                   Type           Power        Failure   Level  Hunger
 Shroud of Golubria       Chrm/Tloc      #.....       6%          2    ###....
 Spectral Weapon          Hex/Chrm       #.......     13%         3    ###....


Dungeon Overview and Level Annotations

Branches:
Dungeon (3/15)              Sewer (1/1)

Altars:
Elyvilon

Annotations:
D:2 Sigmund


Innate Abilities, Weirdness & Mutations

You are too large for most types of armour.
You have tough skin. (AC +1)


Message History

You kill the river rat!
The rat bites you.
* * * LOW HITPOINT WARNING * * *
Number of times to repeat, then command key: You must enter the number of times for the command to repeat.
You closely miss the rat. The rat bites you but does no damage.
You closely miss the rat. The rat barely misses you. The rat misses you.
The rat barely misses you.
You hit the rat.
You kill the rat!
The rat splashes around in the water.
You hit the rat.
You feel better.
You kill the rat!
The rat closely misses you.
You hit the rat but do no damage. The rat bites you.
* * * LOW HITPOINT WARNING * * *
The rat bites you.
* * * LOW HITPOINT WARNING * * *
You barely miss the rat. The rat bites you.
You die... r

###################
...#≈≈≈≈≈≈≈r@≈≈≈≈≈≈#.###
...≈≈≈≈≈≈≈≈r†≈≈≈#≈≈≈...##
...≈≈≈≈≈≈#≈≈#≈≈#≈≈≈≈....#
...≈≈≈≈≈≈≈≈≈≈≈≈≈≈≈≈≈....#
...≈≈≈≈≈≈≈≈≈≈≈≈≈≈≈≈≈....##
##..≈≈≈≈≈≈≈≈≈≈≈≈≈≈≈#.....#
####################....#
##...## ##...#


You could see 2 rats.

Vanquished Creatures
  Jessica (D:2)
  Robin (D:2)
  6 river rats
  An adder (D:2)
  An ooze (D:2)
  6 worms (D:3)
  A dart slug (D:2)
  2 leopard geckos
  An orc (D:2)
  3 ball pythons
  3 bats
  2 giant cockroaches
  14 goblins
  4 hobgoblins
  6 kobolds
  A quokka (D:2)
  4 frilled lizards
  11 rats
68 creatures vanquished.

Notes
Turn   | Place    | Note
-------+----------+-------------------------------------------
     0 | D:1      | floatRand the Ogre Skald began the quest for the Orb.
     0 | D:1      | Reached XP level 1. HP: 22/22 MP: 3/3
   313 | D:1      | Reached XP level 2. HP: 29/29 MP: 5/5
   366 | D:1      | Reached skill level 3 in Fighting
  1004 | D:2      | Noticed Robin
  1035 | D:1      | HP: 1/31 [goblin[Robin] (1)]
  1038 | D:1      | Reached XP level 3. HP: 2/37 MP: 1/7
  1388 | D:2      | Noticed Sigmund
  1671 | D:2      | Killed Robin
  2044 | D:2      | Found a white marble altar of Elyvilon.
  2288 | D:2      | Reached XP level 4. HP: 45/45 MP: 8/8
  2429 | D:2      | Noticed Jessica
  2458 | D:2      | Killed Jessica
  2684 | D:2      | Learned a level 3 spell: Regeneration
  2687 | D:2      | Learned a level 2 spell: Song of Slaying
  2978 | D:3      | Reached skill level 4 in Fighting
  2978 | D:3      | Reached XP level 5. HP: 45/54 MP: 9/9
  3215 | D:3      | Found a glowing drain.
  3224 | Sewer    | Entered a sewer
  3491 | Sewer    | HP: 2/54 [river rat (3)]
  3500 | Sewer    | HP: 2/55 [rat (1)]
  3501 | Sewer    | Slain by a rat

Levels and vault maps discovered:
D:1:      sevenhm_arrival_forest_fort_small_1, layout_rooms, nrook_mini_vaults
D:2:      minmay_recursive_quarters, layout_loops_ring,
          lemuel_coloured_pillars_altar, chequers_big_river,
          serial_bayou_pond_a, uniq_sigmund, uniq_jessica, uniq_robin
D:3:      layout_loops_corners, nicolae_ru_awakened_eye, first_ration,
          lightli_sewer_entry_pipes
Sewer:    sewer_minmay_w

Skill      XL: |  1  2  3  4  5 |
---------------+----------------+-----
Fighting       | 3 4 |  4.3
Maces & Flails | 2 |  2.9
Charms         | 3 |  3.6
Dodging        | 3 |  3.1
Spellcasting   | |  2.7

Action                   |  1- 3 |  4- 6 || total
-------------------------+-------+-------++-------
Melee: Mace              |   107 |       ||   107
       Whip              |    13 |   193 ||   206
 Cast: Infusion          |     1 |       ||     1
  Use: Potion            |       |     1 ||     1
  Eat: Chunk             |     3 |     6 ||     9
Armor: Robe              |    33 |    47 ||    80
Dodge: Dodged            |    76 |    81 ||   157
       Deflected         |     4 |       ||     4

Table legend:
 A = Non-vault XP
 B = Vault XP
 C = Vault XP percentage of total XP
 D = Non-vault monster count
 E = Vault monster count
 F = Vault count percentage of total count
                 A         B        C        D         E       F
            +---------+---------+-------+---------+---------+-------
      Total |      56 |     215 |  79.3 |      30 |      38 |  55.9
            +---------+---------+-------+---------+---------+-------
        D:1 |      29 |       7 |  19.4 |      17 |       4 |  19.0
        D:2 |      25 |      84 |  77.1 |      12 |      12 |  50.0
        D:3 |       2 |      58 |  96.7 |       1 |       8 |  88.9
      Sewer |       0 |      66 | 100.0 |       0 |      14 | 100.0
            +---------+---------+-------+---------+---------+-------
